 Dungeon Crawl Stone Soup version 0.30-b1-2-g02819fbbbe (webtiles) character file.

Game seed: 16273110497329542146

14852 smellygav the Severer (level 11, -12/156 HPs)
             Began as a Minotaur Berserker on Jan 3, 2024.
             Was an Elder of Trog.
             Killed from afar by a raiju (15 damage)
             ... with a living lightning
             ... on level 1 of the Abyss on Jan 5, 2024.
             The game lasted 02:13:17 (7341 turns).

smellygav the Severer (Minotaur Berserker)          Turns: 7341, Time: 02:13:18

Health: -12/156    AC: 24    Str: 29    XL:     11   Next: 94%
Magic:  10/10      EV:  9    Int:  8    God:    Trog [****..]
Gold:   610        SH:  0    Dex: 10    Spells: 10/10 levels left

rFire   + . .        p - +12 battleaxe of Quantum Leap {heavy, +Blink Will- Int+4}
rCold   . . .        (shield currently unavailable)
rNeg    . . .        G - +4 plate armour
rPois   .            (helmet restricted)
rElec   .            l - +0 cloak
rCorr   .            D - +0 pair of gloves "Roocugh" {Str+3}
SInv    .            m - +0 pair of boots
Will    .....        o - amulet of regeneration Stlth
                     k - ring of flight
HPRegen 0.00/turn    R - ring of protection from fire
MPRegen 0.12/turn

%: no passive effects
@: berserking (expiring), sick, flying, very quick
A: horns 2, retaliatory headbutt
a: Renounce Religion, Evoke Blink, Berserk, Trog's Hand, Brothers in Arms


You were on level 1 of the Abyss.
You worshipped Trog.
Trog was greatly pleased with you.
You visited 2 branches of the dungeon, and saw 11 of its levels.
You visited the Abyss 1 time.

You collected 851 gold pieces.
You spent 241 gold pieces at shops.

Inventory:

Hand Weapons
 b - a +5 battleaxe
 j - a +2 short sword of electrocution
 p - the +12 battleaxe of Quantum Leap (weapon) {heavy, +Blink Will- Int+4}
   (You bought it in a shop on level 1 of the Dungeon)

   Int:       It affects your intelligence (+4).
   +Blink:    It lets you blink.
   Will:      It decreases your willpower.
 C - a +0 great sword
Missiles
 f - 35 poisoned darts (quivered)
 n - 7 javelins
 Y - a throwing net
Armour
 g - a +0 scale mail
 i - a +0 ring mail
 l - a +0 cloak (worn)
 m - a +0 pair of boots (worn)
 u - a +0 pair of gloves
 w - the +0 robe "Hoyhaergh" {rPois rC+ Stlth+}
   (You found it on level 8 of the Dungeon)

   rC:        It protects you from cold.
   rPois:     It protects you from poison.
   Stlth:     It makes you more stealthy.
 y - an orb of guile
 z - a +2 scale mail of cold resistance
 D - the +0 pair of gloves "Roocugh" (worn) {Str+3}
   (You found it on level 8 of the Dungeon)

   Str:       It affects your strength (+3).
 G - a +4 plate armour (worn)
 H - a +0 plate armour
 S - the +1 leather armour "Adirai" {rN+ Str+2}
   (You found it on level 5 of the Dungeon)

   Str:       It affects your strength (+2).
   rN:        It protects you from negative energy.
Magical Staves
 r - a staff of cold
Jewellery
 k - a ring of flight (left hand)
 o - an amulet of regeneration (around neck)
 A - an amulet of magic regeneration
 E - an amulet of faith
 F - a ring of fire
 J - a +6 ring of intelligence
 O - an amulet of regeneration
 R - a ring of protection from fire (right hand)
 W - a ring of ice
 X - a ring of ice
Wands
 M - a wand of flame (32)
 N - a wand of mindburst (17)
 U - a wand of roots (7)
Scrolls
 e - 3 scrolls of fog
 q - 7 scrolls of teleportation
 s - 2 scrolls of amnesia
 K - a scroll of blinking
 P - 3 scrolls of fear
 V - a scroll of enchant weapon {unknown}
 Z - a scroll of identify
Potions
 a - a potion of haste {unknown}
 c - 2 potions of magic
 d - 2 potions of resistance
 h - a potion of degeneration {unknown}
 t - a potion of might {unknown}
 v - 2 potions of heal wounds
 x - a potion of berserk rage {unknown}
 B - 2 potions of attraction
 I - 2 potions of mutation {unknown}
 L - a potion of flight {unknown}
 Q - a potion of lignification {unknown}
 T - 3 potions of curing {unknown}


   Skills:
 + Level 12.0 Fighting
 - Level 1.9 Short Blades
 + Level 15.4 Axes
 + Level 13.2 Armour
 - Level 2.4 Dodging


You had 10 spell levels left.
You didn't know any spells.
Your spell library contained the following spells:

 Spells                   Type           Power      Damage    Failure   Level
 Ensorcelled Hibernation  Hex/Ice        0%         N/A       99%         2
 Spider Form              Tmut/Pois      0%         N/A       100%        3
 Anguish                  Hex/Necr       0%         N/A       100%        4


Dungeon Overview and Level Annotations

Branches:
Dungeon (10/15)            Temple (1/1) D:5            Lair (0/5) D:8
    Orc: D:9-12

Altars:
Ashenzari
Cheibriados
Dithmenos
Elyvilon
Fedhas
Gozag
Hepliaklqana
Kikubaaqudgha
Makhleb
Nemelex Xobeh
Okawaru
Qazlal
Ru
Sif Muna
Trog
Uskayaw
Vehumet
Wu Jian
Xom
Yredelemnul
Zin
The Shining One

Shops:
D:1 (   D:8 !

Annotations:
D:10 Erolcha


Innate Abilities, Weirdness & Mutations

You have a pair of horns on your head.
You reflexively headbutt those who attack you in melee.


Message History

Your black bear's corpse disappears in a puff of smoke!
The raiju blinks!
You are too injured to fight recklessly!
The raiju bursts into living lightning!
The living lightning hits you!!
* * * LOW HITPOINT WARNING * * *
The raiju blinks!
The raiju bursts into living lightning!
The living lightning hits the raiju.
The raiju completely resists.
The living lightning hits you.
* * * LOW HITPOINT WARNING * * *
The raiju blinks! x3
You hear a bark!
You slice the raiju!!
The raiju is severely wounded.
The raiju bursts into living lightning!
The living lightning hits you!
* * * LOW HITPOINT WARNING * * *
The raiju blinks!
The raiju bursts into living lightning!
The living lightning hits the raiju.
The raiju completely resists.
The living lightning hits you!!
* * * LOW HITPOINT WARNING * * *
The raiju blinks! x2
You barely miss the raiju. Your headbutt misses the raiju.
The raiju is severely wounded.
Your skin stops crawling.
You feel less strong-willed. The raiju bites you but does no damage.
You completely miss the raiju. You headbutt the raiju!
The raiju is almost dead.
You cut the raiju into ribbons!!!
You kill the raiju!
Trog accepts your kill.
You slash the raiju!
You kill the raiju!
Trog accepts your kill.
Your Fighting skill increases to level 12!
The raiju bursts into living lightning!
The living lightning hits you!
You die...

# ..######
#........#.##
##. #..#.....
.##.h .
.#...§.##
...##..
#.....§.#...#.#
#.#..#.#.#....
#
##..#..#h.#.#.
#
#..#.#......#.
## ##..h@.§.# #
. #######.##...
. . . . #..###
..###. . ..#.#.
#. . §§ .. #.
### . . # § .#
. # # .


You could see 2 raiju.

Vanquished Creatures
  A tentacled starspawn (Abyss:1)
  A cacodemon (Abyss:1)
  2 two-headed ogres
  A flayed ghost (Abyss:1)
  2 large abominations (Abyss:1)
  Pikel (D:7)
  An apocalypse crab (Abyss:1)
  An ancient zyme (Abyss:1)
  2 raiju (Abyss:1)
  20 yaks
  7 wyverns
  Menkaure (D:6)
  A chaos spawn (Abyss:1)
  3 steam dragons
  2 acid dragons
  Duvessa (D:5)
  5 water moccasins
  A sky beast (D:6)
  2 orc warriors
  3 ice beasts
  2 centaurs (D:6)
  2 lemures (D:7)
  A phantom (D:6)
  3 kobold brigands
  A gnoll sergeant (D:10)
  4 bullfrogs
  3 scorpions
  Dowan (D:5)
  10 wights
  4 killer bees (D:8)
  An electric eel (D:9)
  9 howler monkeys
  A jelly (D:7)
  A quasit (Abyss:1)
  6 orc priests
  7 hounds
  A sleepcap (D:5)
  Ijyb (D:5)
  2 iguanas
  7 orc wizards
  6 gnolls
  8 adders
  A shadow imp (D:5)
  2 white imps
  2 ufetubi
  6 worms
  3 dart slugs
  24 orcs
  8 ball pythons
  8 endoplasms
  6 giant cockroaches
  7 goblins
  8 hobgoblins
  9 jackals
  18 kobolds
  8 quokkas
  6 bats
  4 frilled lizards
  5 rats
  A starspawn tentacle (Abyss:1)
265 creatures vanquished.

Vanquished Creatures (others)
  3 fungi (D:8)
  10 plants (D:8)
  5 starspawn tentacles (Abyss:1)
18 creatures vanquished.

Grand Total: 283 creatures vanquished

Notes
Turn   | Place    | Note
-------+----------+-------------------------------------------
     0 | D:1      | smellygav the Minotaur Berserker began the quest for the
                  | Orb.
     0 | D:1      | Reached XP level 1. HP: 19/19 MP: 0/0
    53 | D:1      | Reached XP level 2. HP: 25/27 MP: 1/1
    65 | D:1      | Found Ocisuth's Antique Weapon Shoppe.
   182 | D:1      | Reached skill level 4 in Axes
   490 | D:1      | Reached XP level 3. HP: 33/33 MP: 2/2
   761 | D:2      | Reached ** piety under Trog
   830 | D:2      | Reached skill level 1 in Short Blades
  1176 | D:2      | Reached XP level 4. HP: 38/40 MP: 3/3
  1441 | D:2      | Reached skill level 5 in Axes
  1552 | D:3      | Found a faded altar of an unknown god.
  2386 | D:1      | Bought a dazzling battleaxe for 241 gold pieces
  2386 | D:1      | Identified the +12 battleaxe of Quantum Leap {heavy, +Blink
                  | Will- Int+4} (You bought it in a shop on level 1 of the
                  | Dungeon)
  2505 | D:4      | Found a glowing drain.
  2510 | D:4      | Reached *** piety under Trog
  2606 | D:4      | Reached skill level 6 in Axes
  2606 | D:4      | Reached XP level 5. HP: 46/46 MP: 4/4
  3222 | D:5      | Entered Level 5 of the Dungeon
  3246 | D:5      | Noticed Ijyb
  3252 | D:5      | Killed Ijyb
  3319 | D:5      | Found a staircase to the Ecumenical Temple.
  3349 | Temple   | Entered the Ecumenical Temple
  3420 | D:5      | Reached skill level 7 in Axes
  3420 | D:5      | Reached XP level 6. HP: 46/52 MP: 5/5
  3601 | D:5      | Identified the +1 leather armour "Adirai" {rN+ Str+2}
  3832 | D:5      | Noticed Duvessa
  3832 | D:5      | Noticed Dowan
  3839 | D:5      | Killed Duvessa
  3840 | D:5      | Reached skill level 8 in Axes
  3840 | D:5      | Killed Dowan
  3841 | D:5      | Reached XP level 7. HP: 55/58 MP: 6/6
  3906 | D:5      | Found a glowing golden altar of the Shining One.
  4060 | D:5      | Reached skill level 5 in Armour
  4151 | D:6      | Noticed Menkaure
  4156 | D:6      | Killed Menkaure
  4157 | D:6      | Reached skill level 9 in Axes
  4249 | D:6      | Found a glowing silver altar of Zin.
  4326 | D:6      | Reached XP level 8. HP: 65/66 MP: 7/7
  4387 | D:6      | Reached skill level 10 in Axes
  4621 | D:6      | Reached skill level 11 in Axes
  4686 | D:6      | Reached skill level 5 in Fighting
  4715 | D:6      | Reached XP level 9. HP: 74/74 MP: 8/8
  5311 | D:8      | Noticed Pikel
  5332 | D:7      | Killed Pikel
  5333 | D:7      | Reached skill level 12 in Axes
  5416 | D:8      | Reached XP level 10. HP: 66/88 MP: 9/9
  5439 | D:8      | Found a staircase to the Lair.
  5465 | D:8      | Reached skill level 10 in Armour
  5467 | D:8      | Reached skill level 13 in Axes
  5467 | D:8      | Reached **** piety under Trog
  5482 | D:8      | Identified the +0 robe "Hoyhaergh" {rPois rC+ Stlth+}
  5979 | D:8      | Identified the +0 pair of gloves "Roocugh" {Str+3}
  6017 | D:8      | Found Odiskik's Distillery.
  6316 | D:9      | Noticed a two-headed ogre
  6326 | D:9      | Killed a two-headed ogre
  6327 | D:9      | Reached skill level 10 in Fighting
  6327 | D:9      | Reached skill level 14 in Axes
  6354 | D:9      | Reached XP level 11. HP: 71/99 MP: 10/10
  6544 | D:9      | Found a basalt altar of Yredelemnul.
  6545 | D:9      | Found a stormy altar of Qazlal.
  6737 | D:10     | Entered Level 10 of the Dungeon
  6750 | D:10     | Noticed a two-headed ogre
  6762 | D:10     | Killed a two-headed ogre
  6927 | D:10     | Reached ***** piety under Trog
  6953 | D:10     | Found a broken altar of Ashenzari.
  7156 | D:10     | Noticed Erolcha
  7189 | Abyss:1  | Cast into level 1 of the Abyss (Erolcha)
  7225 | Abyss:1  | Found a corrupted altar of Lugonu.
  7226 | Abyss:1  | Found a corrupted altar of Lugonu.
  7226 | Abyss:1  | Found a corrupted altar of Lugonu.
  7231 | Abyss:1  | Noticed a large abomination
  7236 | Abyss:1  | Killed a large abomination
  7246 | Abyss:1  | Noticed a cacodemon
  7247 | Abyss:1  | Noticed a flayed ghost
  7274 | Abyss:1  | Killed a flayed ghost
  7277 | Abyss:1  | Killed a cacodemon
  7278 | Abyss:1  | Reached skill level 15 in Axes
  7287 | Abyss:1  | Noticed a tentacled starspawn
  7290 | Abyss:1  | Noticed a large abomination
  7297 | Abyss:1  | Killed a tentacled starspawn
  7300 | Abyss:1  | Killed a large abomination
  7337 | Abyss:1  | HP: 3/156 [raiju/living lightning (25)]
  7341 | Abyss:1  | Killed from afar by a raiju

Illustrated notes

Levels and vault maps discovered:
D:1:      eino_arrival_cavern_b, layout_loops_ring, serial_shops,
          nicolae_shop_overgrown_old_shop
D:2:      layout_basic
D:3:      layout_basic, shapermc_ecumenical_altar_notcrosses
D:4:      layout_basic, portal_sewer_entry_f
D:5:      layout_basic, nicolae_tso_swordbearing_angel,
          minmay_temple_entry_statues_fountains, uniq_ijyb, uniq_duvessa
D:6:      minmay_diamond_boxcup, layout_loops_ring,
          mainiacjoe_overflow_24_doors, uniq_menkaure
D:7:      layout_gridville
D:8:      layout_cave_pools, minmay_lair_entry_grove, serial_shops,
          nicolae_inconvenience_store, uniq_pikel
D:9:      layout_rooms, nicolae_overflow_two_pavilions
D:10:     layout_basic, mainiacjoe_overflow_brackets, enter_trove_3,
          uniq_erolcha
Temple:   sentei_temple_godly_chess
Abyss:1:  base:
Sewer

Skill      XL: |  1  2  3  4  5  6  7  8  9 10 11 |
---------------+----------------------------------+-----
Axes           | 4 6 7 8 9 11 12 14 15 | 15.4
Short Blades   | 1 |  1.9
Armour         | 3 4 6 7 9 11 13 | 13.2
Fighting       | 5 7 10 12 | 12.0
Dodging        | |  2.4

Action                     |  1- 3 |  4- 6 |  7- 9 | 10-12 || total
---------------------------+-------+-------+-------+-------++-------
  Melee: Hand axe          |    52 |    59 |       |       ||   111
         Headbutt          |    13 |    10 |     4 |    20 ||    47
         Short sword       |    50 |       |       |       ||    50
         Punch             |     1 |       |       |       ||     1
         Battleaxe         |       |    65 |    97 |   143 ||   305
  Throw: Dart              |       |     1 |    11 |       ||    12
 Invoke: Trog's Hand       |       |     4 |     5 |     6 ||    15
         Berserk           |       |     1 |       |     4 ||     5
         Brothers in Arms  |       |       |       |     2 ||     2
  Evoke: Wand              |       |       |    19 |    11 ||    30
    Use: Scroll            |     2 |     6 |     4 |     5 ||    17
         Potion            |       |       |       |     2 ||     2
 Armour: Animal skin       |     1 |       |       |       ||     1
         Scale mail        |    38 |    35 |       |       ||    73
         Plate armour      |       |    32 |    96 |   122 ||   250
  Dodge: Dodged            |    47 |    63 |    62 |    80 ||   252
